[Event "Titled Tuesday Blitz April 18 Late 2023"]
[White "Davidson, Kevin"]
[Black "Eisa Mohmood, Alkhoori"]
[WhiteFideId "2056810"]
[BlackFideId "9316116"]
[WhiteElo "2151"]
[BlackElo "1310"]
[Result "1-0"]
[Round "02"]
[TimeControl "180+2"]
[Date "2023.04.18"]
[WhiteClock "0:00:30"]
[BlackClock "0:00:08"]

1. e4 c5 2. Nf3 d6 3. d4 cxd4 4. Nxd4 Nf6 5. Nc3 g6 6. Be3 Bg7 7. f3 O-O 8. Qd2 Nc6 9. O-O-O d5 10. Qe1 e5 11. Nxc6 bxc6 12. exd5 cxd5 13. Bg5 Be6 14. Bc4 Qc7 15. Bxf6 dxc4 16. Bxg7 Kxg7 17. Nd5 Qb8 18. Qa5 Rd8 19. Nc7 c3 20. bxc3 Qb6 21. Qxb6 axb6 22. Nxa8 Rxa8 23. Rhe1 Kf6 24. Rd6 b5 25. Rb6 Ra5 26. a3 Kf5 27. Kb2 h5 28. Re4 Bd5 29. Rb4 Bc4 30. a4 Rxa4 31. Rxa4 bxa4 32. Rb4 Bf1 33. g3 Bg2 34. f4 f6 35. fxe5 fxe5 36. Rxa4 e4 37. Kc1 e3 38. Kd1 Be4 39. Rxe4 Kxe4 40. Ke2 g5 41. c4 Kd4 42. c5 Kxc5 43. Kxe3 h4 44. g4 Kc4 45. Ke4 Kc3 46. Kf5 Kxc2 47. Kxg5 h3 48. Kh4 Kd3 49. Kxh3 Kd4 50. Kh4 Ke5 51. Kg5 Ke6 52. Kg6 Ke7 53. Kg7 Ke6 54. g5 Kf5 55. g6 Kg5 56. Kf7 Kh4 57. g7 Kh3 58. g8=Q Kh4 59. Kf6 Kh5 60. Qg5# 1-0


[Site "https://www.chess.com"]

[Event "Titled Tuesday Blitz April 18 Late 2023"]
[White "micke12a"]
[Black "Burke, Paul"]
[BlackFideId "2605767"]
[WhiteElo "2368"]
[BlackElo "1908"]
[Result "1-0"]
[Round "02"]
[TimeControl "180+2"]
[Date "2023.04.18"]
[WhiteClock "0:00:58"]
[BlackClock "0:00:35"]

1. e4 e5 2. Nf3 Nc6 3. Bc4 Be7 4. O-O Nf6 5. Re1 O-O 6. d3 d6 7. c3 Be6 8. Bb5 Bg4 9. Nbd2 d5 10. h3 Bh5 11. exd5 Qxd5 12. Bc4 Qd8 13. Nf1 e4 14. dxe4 Qxd1 15. Rxd1 Nxe4 16. Bd5 Nf6 17. Bxc6 bxc6 18. g4 Bg6 19. Ne5 Be4 20. Ng3 Bd5 21. Nf5 Bd6 22. Nd3 Bf3 23. Re1 Rfe8 24. Bg5 Ne4 25. Be3 g6 26. Nd4 c5 27. Nxf3 1-0


[Site "https://www.chess.com"]

[Event "Titled Tuesday Blitz April 18 Late 2023"]
[White "Carlsen, Magnus"]
[Black "Llorente Zaro, Alfonso"]
[WhiteFideId "1503014"]
[BlackFideId "2254131"]
[WhiteElo "2852"]
[BlackElo "2485"]
[Result "1-0"]
[Round "03"]
[TimeControl "180+2"]
[Date "2023.04.18"]
[WhiteClock "0:01:07"]
[BlackClock "0:00:02"]

1. f4 d5 2. Nf3 g6 3. d3 Bg7 4. e4 dxe4 5. dxe4 Qxd1+ 6. Kxd1 Nc6 7. c3 e5 8. Na3 Be6 9. Bc4 Nf6 10. Bxe6 fxe6 11. Re1 O-O-O+ 12. Kc2 Rhf8 13. Nc4 Nd7 14. Ng5 Rde8 15. Nxh7 Rh8 16. Ng5 Rxh2 17. Re2 Bh6 18. Nf3 Rh1 19. Ncxe5 Ndxe5 20. fxe5 Rd8 21. Re1 Rxe1 22. Nxe1 Bxc1 23. Rxc1 Nxe5 24. Nf3 Nxf3 25. gxf3 Rf8 26. Rf1 Kd7 27. Kd3 e5 28. b4 Ke6 29. Ke3 Kf6 30. Rh1 Rf7 31. a4 c6 32. a5 a6 33. Rh8 Rd7 34. Re8 Rh7 35. Rd8 Ke6 36. Rb8 Rd7 37. Rf8 Rh7 38. Kd3 Ke7 39. Rg8 Kf6 40. Kc4 Rh3 41. Rb8 Kg5 42. Rxb7 Rxf3 43. Rb6 Kf4 44. Rxa6 g5 45. Rxc6 Kxe4 46. a6 Rf8 47. b5 g4 48. a7 Kf5 49. b6 g3 50. b7 1-0


[Site "https://www.chess.com"]

[Event "Titled Tuesday Blitz April 18 Late 2023"]
[White "Kushko, Dmitriy"]
[Black "Nakamura, Hikaru"]
[WhiteFideId "14162261"]
[BlackFideId "2016192"]
[WhiteElo "2230"]
[BlackElo "2885"]
[Result "0-1"]
[Round "03"]
[TimeControl "180+2"]
[Date "2023.04.18"]
[WhiteClock "0:00:03"]
[BlackClock "0:00:45"]

1. f4 d5 2. Nf3 g6 3. g3 Bg7 4. Bg2 c5 5. O-O Nh6 6. d3 d4 7. c3 Nf5 8. e4 dxe3 9. Na3 O-O 10. Qe2 Nc6 11. Bxe3 b6 12. Bf2 Bb7 13. Nc4 Qc7 14. g4 Nd6 15. Nce5 Rae8 16. Bg3 Qc8 17. h3 f6 18. Nxc6 Bxc6 19. Rae1 f5 20. g5 Nf7 21. Qf2 Qd7 22. Rd1 e5 23. h4 exf4 24. Bxf4 Re7 25. d4 Bxf3 26. Bxf3 cxd4 27. cxd4 Nd6 28. d5 Be5 29. Qg3 Rfe8 30. h5 Qb5 31. Rd2 Qb4 32. Bxe5 Rxe5 33. Rh2 f4 34. Qh4 Nf5 35. Qh3 Re1 36. Rf2 Qe7 37. hxg6 hxg6 38. Rxe1 Qxe1+ 39. Rf1 Qe3+ 40. Kg2 Qd4 41. Rf2 Re1 0-1


[Site "https://www.chess.com"]

[Event "Titled Tuesday Blitz April 18 Late 2023"]
[White "Beerdsen, Thomas"]
[Black "Caruana, Fabiano"]
[WhiteFideId "1030108"]
[BlackFideId "2020009"]
[WhiteElo "2547"]
[BlackElo "2837"]
[Result "0-1"]
[Round "03"]
[TimeControl "180+2"]
[Date "2023.04.18"]
[WhiteClock "0:00:05"]
[BlackClock "0:00:10"]

1. e4 e5 2. Bc4 Nf6 3. d3 Bc5 4. Nc3 d6 5. Be3 Bxe3 6. fxe3 c6 7. Nf3 b5 8. Bb3 a5 9. a4 b4 10. Ne2 O-O 11. Ng3 Nbd7 12. O-O Nc5 13. Bc4 d5 14. exd5 cxd5 15. Bb5 Qe7 16. Nh4 g6 17. h3 Ng4 18. Nhf5 gxf5 19. hxg4 fxg4 20. d4 Ne4 21. Nxe4 dxe4 22. Bc6 Ra6 23. Bxe4 Rh6 24. g3 exd4 25. Qxd4 Rh3 26. Kg2 Rd8 27. Qc4 Rd2+ 28. Rf2 Be6 29. Qb5 Rxf2+ 30. Kxf2 h5 31. Rg1 Qf6+ 32. Ke1 h4 33. Qb8+ Kg7 34. Qc7 Qxb2 35. Qf4 Qc1+ 36. Ke2 Bc4+ 37. Kf2 Qd2# 0-1


[Site "https://www.chess.com"]

[Event "Titled Tuesday Blitz April 18 Late 2023"]
[White "Vachier-Lagrave, Maxime"]
[Black "Boruchovsky, Avital"]
[WhiteFideId "623539"]
[BlackFideId "2800055"]
[WhiteElo "2740"]
[BlackElo "2450"]
[Result "1-0"]
[Round "03"]
[TimeControl "180+2"]
[Date "2023.04.18"]
[WhiteClock "0:00:11"]
[BlackClock "0:00:02"]

1. Nf3 d5 2. g3 Nd7 3. d4 Nb6 4. Bg2 Bf5 5. Nc3 h6 6. Ne5 Nf6 7. O-O e6 8. a4 a5 9. b3 Bb4 10. Na2 Be7 11. c4 O-O 12. Bb2 c6 13. e3 Nfd7 14. Nxd7 Nxd7 15. Qe2 Qb6 16. Nc1 Nf6 17. c5 Qc7 18. Ba3 Rfb8 19. Nd3 Nd7 20. Rfc1 Bf6 21. Bb2 Bxd3 22. Qxd3 e5 23. Bh3 Re8 24. Bc3 g6 25. Rab1 Nf8 26. b4 exd4 27. exd4 axb4 28. Rxb4 Ne6 29. Bxe6 Rxe6 30. Rcb1 Ra7 31. Kg2 h5 32. h4 Qe7 33. R4b2 Re4 34. a5 Bxh4 35. gxh4 Qxh4 36. f3 Qg5+ 37. Kh1 Re3 38. Qd2 Ra8 39. Rxb7 Rae8 40. Rb8 Qh4+ 41. Qh2 Qf6 42. Rxe8+ Rxe8 43. Qf2 Qf5 44. Re1 Qh3+ 45. Kg1 Ra8 46. Qg2 Qf5 47. Qe2 h4 48. a6 h3 49. Ra1 Kg7 50. Kh1 Re8 51. Qf2 Qd3 52. a7 Re2 53. Qf1 Qxc3 54. a8=Q Qb2 55. Qa2 Rh2+ 56. Kg1 Rg2+ 57. Qxg2 Qxd4+ 58. Qgf2 Qf4 59. Qab2+ 1-0


[Site "https://www.chess.com"]

[Event "Titled Tuesday Blitz April 18 Late 2023"]
[White "Peng, Li Min"]
[Black "Martinez Alcantara, Jose Eduardo"]
[WhiteFideId "14112620"]
[BlackFideId "3805662"]
[WhiteElo "2436"]
[BlackElo "2711"]
[Result "1/2-1/2"]
[Round "03"]
[TimeControl "180+2"]
[Date "2023.04.18"]
[WhiteClock "0:00:33"]
[BlackClock "0:00:22"]

1. e4 c5 2. Nc3 Nc6 3. Bb5 Nd4 4. Nf3 Nxb5 5. Nxb5 d6 6. d4 a6 7. Nc3 cxd4 8. Qxd4 Nf6 9. O-O e5 10. Qd3 h6 11. Nd2 Be6 12. Nc4 Rc8 13. Ne3 Qc7 14. Rd1 Be7 15. a4 O-O 16. a5 Rfd8 17. Bd2 Bc4 18. Nxc4 Qxc4 19. Qxc4 Rxc4 20. f3 d5 21. exd5 Nxd5 22. Nxd5 Rxd5 23. Bc3 Bc5+ 24. Kf1 Bd4 25. Ra3 Rb5 26. Rb3 Bxc3 27. Rxb5 axb5 28. bxc3 Rxc3 29. Rd8+ Kh7 30. Rd5 b4 31. Rb5 Rxc2 32. Rxb4 Ra2 33. Rxb7 f6 34. Ra7 h5 35. h4 Kg6 36. a6 Kf5 37. Rxg7 Rxa6 38. Kg1 Ra4 39. g3 e4 40. fxe4+ Rxe4 41. Kg2 Re2+ 42. Kh3 Re5 43. Rg8 Rc5 44. Rg7 Re5 45. Rg8 Rc5 46. Rg7 Re5 1/2-1/2


[Site "https://www.chess.com"]

[Event "Titled Tuesday Blitz April 18 Late 2023"]
[White "Firouzja, Alireza"]
[Black "Gaehwiler, Gabriel"]
[WhiteFideId "12573981"]
[BlackFideId "1314530"]
[WhiteElo "2904"]
[BlackElo "2437"]
[Result "1-0"]
[Round "03"]
[TimeControl "180+2"]
[Date "2023.04.18"]
[WhiteClock "0:01:36"]
[BlackClock "0:00:55"]

1. d4 Nf6 2. Nc3 d5 3. Bf4 e6 4. Nb5 Na6 5. e3 c6 6. Nc3 Nb8 7. Nf3 Nbd7 8. Bd3 Bb4 9. a3 Bxc3+ 10. bxc3 Qa5 11. Bd6 Qxc3+ 12. Nd2 Qa5 13. O-O Qd8 14. c4 Nb8 15. c5 b6 16. e4 dxe4 17. Nxe4 Nd5 18. Qf3 f6 19. Qh5+ g6 20. Qh6 Kf7 21. f4 Kg8 22. Ng5 Qe8 23. Rae1 Bd7 24. Nxe6 Bxe6 25. Rxe6 Qxe6 26. Qf8# 1-0


[Site "https://www.chess.com"]

[Event "Titled Tuesday Blitz April 18 Late 2023"]
[White "Bluebaum, Matthias"]
[Black "Yuan, Qingyu"]
[WhiteFideId "24651516"]
[BlackFideId "8609772"]
[WhiteElo "2638"]
[BlackElo "2359"]
[Result "0-1"]
[Round "03"]
[TimeControl "180+2"]
[Date "2023.04.18"]
[WhiteClock "0:00:14"]
[BlackClock "0:00:10"]

1. d4 d5 2. c4 e6 3. Nc3 Be7 4. cxd5 exd5 5. Bf4 c6 6. e3 Bf5 7. f3 Bd6 8. Nge2 Nf6 9. g4 Bg6 10. h4 h5 11. g5 Ng8 12. Bh3 Ne7 13. Qd2 Na6 14. O-O-O O-O 15. e4 b5 16. Ng3 Bxf4 17. Qxf4 Qa5 18. Kb1 b4 19. Nce2 c5 20. dxc5 Nxc5 21. Nd4 dxe4 22. fxe4 Nd5 23. Qf3 Nc3+ 24. bxc3 bxc3 25. Kc2 Qxa2+ 26. Kxc3 Rab8 27. Rd2 Rb3+ 28. Kc4 Qa4+ 29. Kxc5 Qb4+ 30. Kd5 Rd8+ 31. Ke5 Qd6# 0-1


[Site "https://www.chess.com"]

[Event "Titled Tuesday Blitz April 18 Late 2023"]
[White "Makridis, Dimitrios"]
[Black "Pranav, V"]
[WhiteFideId "25864475"]
[BlackFideId "25060783"]
[WhiteElo "2277"]
[BlackElo "2500"]
[Result "1/2-1/2"]
[Round "03"]
[TimeControl "180+2"]
[Date "2023.04.18"]
[WhiteClock "0:00:08"]
[BlackClock "0:01:19"]

1. e4 g6 2. d4 Bg7 3. Nf3 d6 4. Bd3 Nc6 5. c3 e5 6. O-O exd4 7. cxd4 Bg4 8. d5 Ne5 9. Be2 Bxf3 10. Bxf3 Nxf3+ 11. Qxf3 Ne7 12. Nc3 O-O 13. Re1 Qd7 14. Bf4 Rae8 15. h3 a6 16. Rad1 Nc8 17. Qg3 Nb6 18. b3 Qe7 19. Na4 Nd7 20. Rc1 Qd8 21. Re2 Nf6 22. Qf3 Nh5 23. Bd2 f5 24. exf5 Rxf5 25. Rxe8+ Qxe8 26. Qd3 Qf7 27. Be3 Rxd5 28. Qc2 c6 29. Nb6 Rf5 30. g4 Rf3 31. gxh5 Rxh3 32. Qe4 Rxh5 33. Nc8 Re5 34. Qg2 Qe6 35. Bf4 Qxc8 36. Bxe5 Bxe5 37. Rf1 Qf5 38. Re1 Kg7 39. Re3 Qf3 40. Qxf3 1/2-1/2


[Site "https://www.chess.com"]

[Event "Titled Tuesday Blitz April 18 Late 2023"]
[White "Rasulov, Vugar"]
[Black "Oganian, Miran"]
[WhiteFideId "13402390"]
[BlackFideId "4122488"]
[WhiteElo "2509"]
[BlackElo "2323"]
[Result "1-0"]
[Round "03"]
[TimeControl "180+2"]
[Date "2023.04.18"]
[WhiteClock "0:01:37"]
[BlackClock "0:01:36"]

1. e4 e6 2. Qe2 c5 3. Nf3 g6 4. h4 h5 5. d3 Bg7 6. Nc3 Nc6 7. g3 a6 8. Bg2 Nge7 9. O-O b5 10. e5 Bb7 11. Ne4 O-O 12. Nxc5 Qc7 13. Nxb7 Qxb7 14. d4 Rac8 15. c3 b4 16. Ng5 Qc7 17. Ne4 bxc3 18. bxc3 Na5 19. Ba3 Nd5 20. Bxf8 Bxf8 21. Rac1 Nc4 22. Ng5 d6 23. Bxd5 exd5 24. e6 f6 25. Nh3 Bh6 26. Rcd1 Re8 27. Qf3 Nd2 28. Qxf6 Nxf1 29. Qxg6+ Qg7 30. Qxe8+ 1-0


[Site "https://www.chess.com"]

[Event "Titled Tuesday Blitz April 18 Late 2023"]
[White "Thomforde-Toates, Noah"]
[Black "Moussard, Jules"]
[WhiteFideId "30951992"]
[BlackFideId "642908"]
[WhiteElo "2745"]
[BlackElo "2610"]
[Result "1/2-1/2"]
[Round "03"]
[TimeControl "180+2"]
[Date "2023.04.18"]
[WhiteClock "0:00:41"]
[BlackClock "0:00:16"]

1. e4 c5 2. Nf3 d6 3. Nc3 Nf6 4. e5 dxe5 5. Nxe5 a6 6. a4 Be6 7. Qf3 Nbd7 8. Nxd7 Qxd7 9. Be2 Bg4 10. Qe3 Bxe2 11. Qxe2 e6 12. O-O Be7 13. d3 O-O 14. Bf4 Rac8 15. a5 Nd5 16. Be5 Nxc3 17. Bxc3 Rfe8 18. Qg4 Bf8 19. Rfe1 Qc6 20. Re3 f5 21. Qg5 Qd7 22. Rae1 Qf7 23. Qf4 Rc6 24. h3 Bd6 25. Qc4 Bc7 26. Be5 Bxa5 27. c3 Bd8 28. f4 h6 29. Kh2 Kh7 30. g4 b5 31. Qa2 c4 32. d4 Bh4 33. R1e2 Bf6 34. Qb1 g6 35. d5 exd5 36. gxf5 Bxe5 37. Rxe5 Rxe5 38. Rxe5 gxf5 39. Qe1 Rc7 40. Qh4 Qg6 41. Re7+ Rxe7 42. Qxe7+ Qg7 43. Qe6 Qf8 44. Qxd5 Qf6 45. Qd7+ Kg6 46. Qe8+ Kg7 47. Qd7+ Kf8 48. Qc8+ Kf7 49. Qd7+ Kg6 50. Qe8+ Qf7 51. Qc6+ Kg7 52. Qxa6 Qd5 53. Qa7+ Kg6 54. Qb6+ Kh5 55. Qe3 Qd3 56. Qe8+ Kh4 57. Qe7+ Kh5 58. Qf7+ Kh4 59. Qf6+ Kh5 60. Qf7+ Kh4 61. Qf6+ Kh5 62. Qf7+ 1/2-1/2


[Site "https://www.chess.com"]

[Event "Titled Tuesday Blitz April 18 Late 2023"]
[White "Spata, German"]
[Black "Deac, Bogdan-Daniel"]
[WhiteFideId "113026"]
[BlackFideId "1226380"]
[WhiteElo "2238"]
[BlackElo "2649"]
[Result "0-1"]
[Round "03"]
[TimeControl "180+2"]
[Date "2023.04.18"]
[WhiteClock "0:01:06"]
[BlackClock "0:01:28"]

1. Nf3 b6 2. e3 Bb7 3. d4 g6 4. Be2 Bg7 5. O-O Nf6 6. b3 c5 7. Bb2 cxd4 8. Nxd4 O-O 9. c4 d6 10. Nc3 Nbd7 11. Rc1 a6 12. Bf3 Bxf3 13. Qxf3 e6 14. Rfd1 Re8 15. Ne4 Nxe4 16. Qxe4 Qc7 17. Ba1 Rac8 18. Nf3 d5 19. Qd3 Bxa1 20. Rxa1 Nc5 21. Qe2 Ne4 22. Rac1 b5 23. c5 b4 24. Qxa6 Ra8 25. Qc6 Qxc6 0-1


[Site "https://www.chess.com"]

[Event "Titled Tuesday Blitz April 18 Late 2023"]
[White "Eljanov, Pavel"]
[Black "Bazeev, German"]
[WhiteFideId "14102951"]
[BlackFideId "24119350"]
[WhiteElo "2598"]
[BlackElo "2466"]
[Result "1/2-1/2"]
[Round "03"]
[TimeControl "180+2"]
[Date "2023.04.18"]
[WhiteClock "0:00:13"]
[BlackClock "0:00:08"]

1. d4 Nf6 2. Nf3 e6 3. c4 b6 4. g3 Bb7 5. Bg2 Bb4+ 6. Bd2 c5 7. Bxb4 cxb4 8. O-O a5 9. Nbd2 O-O 10. Re1 d6 11. Nf1 Qc7 12. Rc1 Re8 13. Ne3 Nbd7 14. Nh4 Rac8 15. Qd3 g6 16. b3 e5 17. Bxb7 Qxb7 18. Nf1 Ne4 19. Rc2 Nc3 20. e4 Nf6 21. f3 b5 22. cxb5 Nxb5 23. Rxc8 Rxc8 24. dxe5 dxe5 25. Ne3 Qd7 26. Qxd7 Nxd7 27. Nc4 Nd4 28. f4 a4 29. fxe5 axb3 30. axb3 Nxb3 31. Nd6 Rc1 32. Nf3 Nxe5 33. Rxc1 Nxf3+ 34. Kf2 Nxc1 35. Kxf3 b3 36. Nc4 Nd3 37. Ke3 b2 38. Na3 Ne5 39. Kd4 Nf3+ 40. Kc3 Nxh2 41. Kxb2 Nf1 42. g4 Nh2 43. g5 Nf3 44. Kc3 Nxg5 45. Kd4 Ne6+ 46. Ke5 Kg7 47. Nc4 h5 48. Ne3 h4 49. Ng4 h3 50. Kd5 Ng5 51. Ke5 Nf3+ 52. Kf4 h2 53. Nf2 Nd2 54. Ke3 Nc4+ 55. Kf3 Nd6 56. Kf4 f6 57. Kg3 Kf7 58. Kxh2 Ke6 59. Kg3 Ke5 60. Kf3 Kd4 61. Kf4 g5+ 62. Kf3 Nc4 63. Ke2 Nd6 64. Kf3 Nc4 65. Ke2 Ke5 66. Kd3 Nd6 67. Ng4+ Ke6 68. Kd4 Nf7 69. Ke3 Ne5 70. Nh6 Ng6 71. Ng4 Ne7 72. Nh6 Nc6 73. Nf5 Na5 74. Nd4+ Ke5 75. Nf3+ Kd6 76. e5+ fxe5 77. Nxg5 e4 78. Nxe4+ 1/2-1/2


[Site "https://www.chess.com"]

[Event "Titled Tuesday Blitz April 18 Late 2023"]
[White "Begmuratov, Alisher"]
[Black "Svane, Rasmus"]
[WhiteFideId "14203367"]
[BlackFideId "4657101"]
[WhiteElo "2387"]
[BlackElo "2597"]
[Result "0-1"]
[Round "03"]
[TimeControl "180+2"]
[Date "2023.04.18"]
[WhiteClock "0:00:07"]
[BlackClock "0:00:35"]

1. d4 Nf6 2. Nf3 d5 3. Bf4 e6 4. e3 Bd6 5. Bg3 O-O 6. Nbd2 c5 7. c3 Qc7 8. Bxd6 Qxd6 9. Bb5 b6 10. O-O Bb7 11. Ne5 Nfd7 12. f4 f6 13. Nef3 Nc6 14. Qe2 e5 15. fxe5 fxe5 16. Bxc6 Bxc6 17. e4 Rae8 18. dxc5 Qxc5+ 19. Rf2 Nf6 20. exd5 Bxd5 21. b4 Qxc3 22. Re1 e4 23. Nb1 Qxb4 24. Ng5 e3 25. Rf5 h6 26. Nh3 Be4 27. Rf4 Nd5 28. Rxf8+ Rxf8 29. a3 Qb3 30. Qd1 Qxd1 31. Rxd1 e2 32. Re1 Rf1+ 0-1


[Site "https://www.chess.com"]

[Event "Titled Tuesday Blitz April 18 Late 2023"]
[White "Hakobyan, Aram"]
[Black "Djordjevic, Vuk"]
[WhiteFideId "13306677"]
[BlackFideId "902098"]
[WhiteElo "2584"]
[BlackElo "2452"]
[Result "1-0"]
[Round "03"]
[TimeControl "180+2"]
[Date "2023.04.18"]
[WhiteClock "0:00:12"]
[BlackClock "0:00:01"]

1. d4 Nf6 2. c4 e6 3. Nc3 Bb4 4. e3 O-O 5. a3 Bxc3+ 6. bxc3 c5 7. Ne2 b6 8. Ng3 Ba6 9. e4 d5 10. e5 Ne8 11. Qg4 f5 12. exf6 Nxf6 13. Qxe6+ Kh8 14. Be3 Re8 15. Qf5 cxd4 16. cxd4 Nc6 17. Be2 Bxc4 18. O-O Qd7 19. Qf3 Bxe2 20. Nxe2 Na5 21. Ng3 Nc4 22. Bg5 Ne4 23. Nxe4 Rxe4 24. Rad1 h6 25. Bc1 Rae8 26. h3 Qe7 27. Qg3 Qf6 28. a4 Rxd4 29. Rxd4 Qxd4 30. Qc7 a5 31. Qc6 Rf8 32. Qe6 Rf6 33. Qe2 Qe4 34. Qd1 Qf5 35. f3 Rg6 36. Kh1 Qe5 37. Re1 Qg3 38. Re8+ Kh7 39. Qc2 Nd6 40. Rf8 d4 41. Bf4 d3 42. Qd2 Nc4 43. Qa2 d2 44. Bxg3 d1=Q+ 45. Kh2 Ne3 46. Qg8# 1-0


[Site "https://www.chess.com"]

[Event "Titled Tuesday Blitz April 18 Late 2023"]
[White "Riff, Vincent"]
[Black "Terry, Renato"]
[WhiteFideId "617776"]
[BlackFideId "3803457"]
[WhiteElo "2369"]
[BlackElo "2575"]
[Result "0-1"]
[Round "03"]
[TimeControl "180+2"]
[Date "2023.04.18"]
[WhiteClock "0:00:30"]
[BlackClock "0:00:23"]

1. e4 g6 2. Nf3 Bg7 3. d4 d6 4. Be2 Nf6 5. Nbd2 Nc6 6. c3 e5 7. dxe5 dxe5 8. O-O O-O 9. Qc2 Nh5 10. Re1 Nf4 11. Bf1 Be6 12. Nc4 h6 13. Be3 g5 14. Rad1 Qf6 15. Bxf4 gxf4 16. Rd5 Rfe8 17. Rb5 Bc8 18. Rd1 a6 19. Rbd5 Be6 20. b3 Bxd5 21. exd5 b5 22. dxc6 bxc4 23. Qe4 cxb3 24. axb3 Rad8 25. Re1 Re6 26. Bxa6 Rxc6 27. Bc4 Rcd6 28. h4 Rd1 29. Rxd1 Rxd1+ 30. Kh2 Rd8 31. b4 Kf8 32. h5 Qe7 33. Bb3 Bf6 34. Kh3 Kg7 35. Bc2 Kf8 36. Bb3 Qd7+ 37. Kh2 Qd3 38. Qc6 Kg7 39. Qxc7 Rd7 40. Qc8 e4 41. Nd4 Rxd4 42. Bxf7 Rd8 43. Qf5 Kxf7 44. Qg6+ Ke7 45. Qh7+ Kd6 46. Qxh6 Qxc3 0-1


[Site "https://www.chess.com"]

[Event "Titled Tuesday Blitz April 18 Late 2023"]
[White "Brodowski, Piotr"]
[Black "Bortnyk, Olexandr"]
[WhiteFideId "1124480"]
[BlackFideId "14120828"]
[WhiteElo "2351"]
[BlackElo "2734"]
[Result "0-1"]
[Round "03"]
[TimeControl "180+2"]
[Date "2023.04.18"]
[WhiteClock "0:00:44"]
[BlackClock "0:01:08"]

1. Nf3 Nf6 2. c4 b6 3. Nc3 Bb7 4. d3 g6 5. g3 Bg7 6. Bg2 O-O 7. O-O c5 8. e4 d6 9. h3 Na6 10. Be3 Nc7 11. Qc2 a6 12. d4 cxd4 13. Nxd4 Nd7 14. Rfd1 Rc8 15. Rac1 b5 16. cxb5 Nxb5 17. Ndxb5 axb5 18. Qb3 Bxc3 19. Rxc3 Qa5 20. Bd2 Qa4 21. Qxa4 bxa4 22. Rxc8 Rxc8 23. Bc3 Nc5 24. e5 Bxg2 25. Kxg2 dxe5 26. Bxe5 f6 27. Bc3 Ne4 28. Be1 Rc2 29. Rd4 Nc5 30. Rd8+ Kf7 31. Rb8 Nd3 32. Bc3 a3 33. Bd4 axb2 34. a4 e5 35. Be3 Rc4 0-1


[Site "https://www.chess.com"]

[Event "Titled Tuesday Blitz April 18 Late 2023"]
[White "Kramnik, Vladimir"]
[Black "Kosteniuk, Alexandra"]
[WhiteFideId "4101588"]
[BlackFideId "4128125"]
[WhiteElo "2712"]
[BlackElo "2453"]
[Result "1-0"]
[Round "03"]
[TimeControl "180+2"]
[Date "2023.04.18"]
[WhiteClock "0:00:36"]
[BlackClock "0:00:13"]

1. c4 f5 2. g3 Nf6 3. Bg2 g6 4. Nc3 Bg7 5. e3 e5 6. Nge2 d6 7. b3 Nc6 8. Bb2 O-O 9. d3 Be6 10. Nd5 Bxd5 11. cxd5 Ne7 12. e4 Qd7 13. O-O f4 14. gxf4 Nh5 15. fxe5 dxe5 16. d4 Nf4 17. dxe5 Nh3+ 18. Bxh3 Qxh3 19. Ng3 Rf4 20. Qe2 h5 21. f3 h4 22. Qg2 Qxg2+ 23. Kxg2 hxg3 24. hxg3 Rff8 25. Rac1 Rac8 26. f4 Rfd8 27. Rfd1 Kf7 28. Ba3 Bf8 29. Kf3 Bg7 30. Kg4 Rh8 31. e6+ Ke8 32. Rh1 Ng8 33. Rxh8 Bxh8 34. Rh1 Bf6 35. e5 Be7 36. Bxe7 Kxe7 37. Rh7+ 1-0


[Site "https://www.chess.com"]

[Event "Titled Tuesday Blitz April 18 Late 2023"]
[White "Djokic, Mihailo"]
[Black "Svane, Frederik"]
[WhiteFideId "976440"]
[BlackFideId "12923044"]
[WhiteElo "2294"]
[BlackElo "2502"]
[Result "0-1"]
[Round "03"]
[TimeControl "180+2"]
[Date "2023.04.18"]
[WhiteClock "0:00:31"]
[BlackClock "0:01:26"]

1. e4 e6 2. d4 d5 3. Nc3 Nf6 4. Bg5 dxe4 5. Nxe4 Nbd7 6. Nf3 h6 7. Nxf6+ Nxf6 8. Bh4 c5 9. dxc5 Bxc5 10. Qxd8+ Kxd8 11. Ne5 Ke7 12. Nd3 Bb6 13. f3 Bd7 14. Bf2 Bxf2+ 15. Kxf2 Rac8 16. c3 Nd5 17. g3 g5 18. Be2 f6 19. Rhe1 e5 20. Rad1 Be6 21. a3 Rhd8 22. Rd2 Rd6 23. Red1 Nb6 24. Nb4 Rcd8 25. Rxd6 Rxd6 26. Rxd6 Kxd6 27. Bd1 Nc4 28. Nd3 Bf5 29. Bc2 Bxd3 30. Bxd3 Nxb2 31. Be4 b6 32. Ke2 Kc5 33. Bf5 a5 34. Be6 b5 35. Kd2 Nc4+ 36. Bxc4 Kxc4 37. Kc2 h5 38. h3 h4 39. g4 a4 40. Kd2 Kb3 41. c4 bxc4 0-1


[Site "https://www.chess.com"]

[Event "Titled Tuesday Blitz April 18 Late 2023"]
[White "Manukyan, Sargis A."]
[Black "Sjugirov, Sanan"]
[WhiteFideId "13303970"]
[BlackFideId "4189302"]
[WhiteElo "2187"]
[BlackElo "2569"]
[Result "0-1"]
[Round "03"]
[TimeControl "180+2"]
[Date "2023.04.18"]
[WhiteClock "0:00:10"]
[BlackClock "0:01:01"]

1. d4 Nf6 2. c4 e6 3. Nc3 Bb4 4. a3 Bxc3+ 5. bxc3 b6 6. e3 Bb7 7. f3 d6 8. Bd3 Nfd7 9. Ne2 Qh4+ 10. g3 Qe7 11. O-O Nc6 12. e4 h5 13. a4 Na5 14. Be3 h4 15. g4 h3 16. Ng3 O-O-O 17. Qe2 g6 18. f4 Kb8 19. Kf2 e5 20. Ke1 exd4 21. cxd4 Rhe8 22. Bd2 Nb3 23. Bc3 Nxa1 24. Bxa1 d5 25. e5 dxc4 26. Bxc4 Nf6 27. Kf2 Qd7 28. f5 gxf5 29. gxf5 Nd5 30. a5 Rg8 31. axb6 axb6 32. Bb2 Nf4 33. Qc2 Qc6 34. Ke3 Nd5+ 35. Kd2 Nb4 36. Qb3 Qg2+ 37. Kc1 Rxg3 38. hxg3 h2 39. Qxb4 Qxf1+ 40. Bxf1 h1=Q 41. Qc4 Bg2 42. Qxf7 Qxf1+ 43. Kc2 Be4+ 44. Kb3 Bd5+ 45. Qxd5 Rxd5 0-1


[Site "https://www.chess.com"]

[Event "Titled Tuesday Blitz April 18 Late 2023"]
[White "Durarbayli, Vasif"]
[Black "Prohaszka, Peter"]
[WhiteFideId "13402935"]
[BlackFideId "726265"]
[WhiteElo "2551"]
[BlackElo "2626"]
[Result "1/2-1/2"]
[Round "03"]
[TimeControl "180+2"]
[Date "2023.04.18"]
[WhiteClock "0:00:55"]
[BlackClock "0:00:05"]

1. e4 c6 2. d4 d5 3. exd5 cxd5 4. c4 Nf6 5. Nc3 Nc6 6. Nf3 Bg4 7. cxd5 Nxd5 8. Qb3 Bxf3 9. gxf3 e6 10. Qxb7 Nxd4 11. Bb5+ Nxb5 12. Qc6+ Ke7 13. Qc5+ Nd6 14. Nxd5+ exd5 15. O-O Ke8 16. Qc6+ Ke7 17. Qxd5 Rc8 18. Bf4 Kd7 19. Rfd1 Qf6 20. Qb5+ Rc6 21. Bxd6 Bxd6 22. Qb7+ Rc7 23. Qb5+ Rc6 24. Qb7+ Rc7 25. Qb5+ Rc6 1/2-1/2


[Site "https://www.chess.com"]

[Event "Titled Tuesday Blitz April 18 Late 2023"]
[White "Korchmar, Vasiliy"]
[Black "Ibrahimli, Murad"]
[WhiteFideId "24131750"]
[BlackFideId "13410229"]
[WhiteElo "2370"]
[BlackElo "2364"]
[Result "0-1"]
[Round "03"]
[TimeControl "180+2"]
[Date "2023.04.18"]
[WhiteClock "0:00:03"]
[BlackClock "0:00:11"]

1. e4 c5 2. Nf3 a6 3. c3 d5 4. exd5 Qxd5 5. d4 Nf6 6. Na3 e6 7. Nc4 Nbd7 8. Bd3 cxd4 9. cxd4 Be7 10. O-O O-O 11. Bg5 b5 12. Ne3 Qd6 13. d5 h6 14. dxe6 fxe6 15. Bh4 Bb7 16. Bg3 Qb6 17. Nh4 Bc5 18. Ng4 Rad8 19. Qe2 Nxg4 20. Qxg4 Nf6 21. Qe2 Bd4 22. Rfe1 Bxb2 23. Qxb2 Rxd3 24. Ng6 Re8 25. Be5 Red8 26. Rf1 Kf7 27. Nf4 Rd2 28. Qc3 Qc6 29. Qh3 Re8 30. Rac1 Rc2 31. Rxc2 Qxc2 32. Bxf6 Kxf6 33. Qh5 Bc6 34. Qh4+ Kf7 35. Qh5+ Kg8 36. Qe5 Qf5 37. Qe3 e5 38. Nd3 Qe4 39. Qg3 Qd4 40. Re1 e4 41. Nf4 Kh7 42. h4 Qf6 43. Nh5 Qf7 44. Nf4 Rf8 45. Nh3 e3 46. Rxe3 Qg6 47. Qxg6+ Kxg6 48. Re6+ Rf6 49. Re7 Kh7 50. g3 Bf3 51. Nf4 Rc6 52. Re1 Rc2 53. a3 Rc3 54. Kh2 Rxa3 55. h5 Ra2 56. Kh3 Rxf2 57. g4 Bc6 58. Kg3 Rf3+ 0-1


[Site "https://www.chess.com"]